 Dungeon Crawl Stone Soup version 0.17.0-9-g801d43b (webtiles) character file.

5435 oplop the Covert (level 10, -1/56 HPs)
             Began as a Vine Stalker Assassin on Nov 9, 2015.
             Was a Follower of Ru.
             Slain by a wyvern (6 damage)
             ... on level 9 of the Dungeon.
             The game lasted 00:17:00 (6183 turns).

oplop the Covert (Vine Stalker Assassin)            Turns: 6183, Time: 00:17:00

Health: -1/56      AC:  4    Str: 15    XL:     10   Next: 68%
Magic:  0/15       EV: 12    Int: 11    God:    Ru [*.....]
Gold:   332        SH:  0    Dex: 24    Spells: 0 memorised, 9 levels left

rFire  + . .     SeeInvis .     a - +3 dagger (venom)
rCold  . . .     Clarity  .     c - +0 robe
rNeg   . . .     SustAt   .     (no shield)
rPois  .         Gourm    .     (no helmet)
rElec  .         Spirit   +     F - +0 cloak {+Inv}
rCorr  +         Warding  .     (no gloves)
rMut   .         Stasis   .     v - +0 pair of boots
MR     +....                    l - amulet of resist corrosion
Stlth  +++++.....               K - ring of protection from fire
                                r - +6 ring of dexterity

@: somewhat resistant to hostile enchantments, quite stealthy
A: fangs 3, regeneration 2, screaming 1, spit poison 1, magic shield, antimagic
bite, no device heal 3, rot immunity, hated by all
a: Spit Poison, Renounce Religion, Evoke Invisibility


You were on level 9 of the Dungeon.
You worshipped Ru.
Ru was aware of your devotion.
You were not hungry.

You visited 2 branches of the dungeon, and saw 10 of its levels.

You collected 435 gold pieces.
You spent 103 gold pieces at shops.

Inventory:

Hand Weapons
 a - a +3 dagger of venom (weapon)
 b - a +0 blowgun
Missiles
 e - 4 poisoned needles
 f - 2 curare-tipped needles
 s - a throwing net (quivered)
Armour
 c - a +0 robe (worn)
 k - a +1 leather armour of fire resistance
 v - a +0 pair of boots (worn)
 F - a +0 cloak of invisibility (worn)
 J - a +0 buckler of positive energy
Jewellery
 l - an amulet of resist corrosion (around neck)
 r - a +6 ring of dexterity (left hand)
 y - a +3 ring of intelligence
 K - a ring of protection from fire (right hand)
Wands
 w - a wand of confusion (15)
 G - a wand of invisibility (0)
Scrolls
 h - 2 scrolls of magic mapping
 i - a scroll of noise
 j - 8 scrolls of remove curse
 u - a scroll of silence {unknown}
 x - 3 scrolls of teleportation {unknown}
 D - a scroll of random uselessness {unknown}
 E - a scroll of blinking {unknown}
 H - a scroll of immolation {unknown}
 L - a scroll of fog {unknown}
Potions
 d - a potion of heal wounds
 n - 3 potions of curing
 o - 2 potions of flight {unknown}
 q - 4 potions of brilliance
 t - 4 potions of degeneration
 z - 2 potions of lignification {unknown}
 B - a potion of cure mutation {unknown}
 C - 3 potions of poison {unknown}
 P - 2 potions of ambrosia {unknown}
Books
 I - a book of the Tempests

   Spells                             Type                      Level
   a - Static Discharge               Conjuration/Air              3
   b - Lightning Bolt                 Conjuration/Air              5
   c - Fireball                       Conjuration/Fire             5
   d - Tornado                        Air                          9
   e - Shatter                        Earth                        9
Comestibles
 g - 6 bread rations
 m - 12 fruits
 A - 3 meat rations
 M - 3 beef jerkies
 N - 7 slices of pizza
 O - 3 chunks of flesh


   Skills:
 + Level 7.7 Fighting
 + Level 7.7 Short Blades
 - Level 1.7 Throwing
 - Level 0.7 Dodging
 + Level 11.5 Stealth
 + Level 5.7 Evocations


You had 9 spell levels left.
You didn't know any spells.

Dungeon Overview and Level Annotations

Branches:
Dungeon (9/15)             Temple (1/1) D:5
   Lair: D:8-11         Orc: D:9-12

Altars:
Ashenzari
Cheibriados
Elyvilon
Fedhas
Kikubaaqudgha
Makhleb
Nemelex Xobeh
Okawaru
Qazlal
Ru
Sif Muna
Trog
Vehumet
Xom
Yredelemnul
Zin
The Shining One

Shops:
D:6 [[[(}   D:7 %

Annotations:
D:8 1 runed door


Innate Abilities, Weirdness & Mutations

You have razor-sharp teeth.
You heal very quickly.
When hurt, damage is shared between your health and your magic reserves.
Your bite disrupts and absorbs the magic of your enemies.
Potions and wands cannot restore your health.
You are immune to rotting.
You are hated by all.
You occasionally shout uncontrollably at your foes.
You can spit weak poison.


Message History

The wyvern is moderately wounded.
The centaur zombie hits you.
* * * LOW HITPOINT WARNING * * *
That item cannot be evoked!
Evoke which item? (* to show all) (? for menu, Esc to quit)
Okay, then.
Okay, then.
Read which item? (? for menu, Esc to quit)
As you read the scroll labeled FAIRAC ADDEO, it crumbles to dust.
It is a scroll of enchant weapon.
Enchant which weapon? (? for menu, Esc to quit)
Your +2 dagger of venom glows red for a moment.
The wyvern closely misses you. The centaur zombie closely misses you.
The wyvern bites you!
* * * LOW HITPOINT WARNING * * *
You fail to use your ability.
The wyvern closely misses you. The centaur zombie closely misses you.
You fail to use your ability.
The wyvern barely misses you. The centaur zombie barely misses you.
The wyvern bites you!
You die...

#######.#.##.#.##
#..)....#.#..
#.....#.#.#######
#.....#.#... ..#
#######.#.# ###.#
#...###...#
#...#.....#
#......l..# ##### .
###>..Z@..# #...#
....#........###.#.#
)........#.......#.#
......##.#########.#
...####....# #.# ..#
####.# ####.# .. #.#
#....# #.# #.####
#.# #.#


You could see a wyvern and a centaur zombie.

Vanquished Creatures
  Pikel (D:6)
  A cyclops (D:9)
  Joseph (D:7)
  A troll (D:9)
  Prince Ribbit (D:7)
  2 two-headed ogres
  Sigmund (D:6)
  A hippogriff (D:8)
  A hungry ghost (D:7)
  2 yaks (D:8)
  A human (D:8)
  The ghost of oplop the Sneak, an amateur VSAs of Ru (D:6)
  Duvessa (D:6)
  An orc warrior (D:6)
  3 centaurs
  2 slaves (D:6)
  2 ogres
  A necrophage (D:8)
  5 giant frogs
  Dowan (D:6)
  A water moccasin skeleton (D:6)
  4 scorpions
  5 wights (D:7)
  A quasit (D:8)
  3 crimson imps
  5 killer bees (D:8)
  2 hounds (D:9)
  2 giant frog skeletons
  A jelly (D:7)
  3 orc wizards
  An iguana (D:8)
  2 sheep (D:8)
  6 worker ants
  A hound skeleton (D:6)
  9 adders
  7 gnolls
  An adder skeleton (D:7)
  An adder zombie (D:7)
  A worm (D:6)
  6 giant geckos
  12 orcs
  8 bats
  3 giant cockroaches
  8 goblins
  6 hobgoblins
  7 jackals
  3 quokkas
  A ball python (D:4)
  4 giant newts
  5 kobolds
  7 rats
  A plant (D:1)
157 creatures vanquished.

Vanquished Creatures (others)
  An orc (D:6)
1 creature vanquished.

Grand Total: 158 creatures vanquished

Notes
Turn   | Place    | Note
--------------------------------------------------------------
     0 | D:1      | oplop the Vine Stalker Assassin began the quest for the Orb.
     0 | D:1      | Reached XP level 1. HP: 11/11 MP: 2/2
   222 | D:1      | Reached skill level 5 in Stealth
   254 | D:1      | Reached XP level 2. HP: 9/15 MP: 3/3
   604 | D:1      | Reached XP level 3. HP: 15/18 MP: 4/4
   608 | D:1      | You fall through a shaft!
  1048 | D:2      | Reached XP level 4. HP: 23/23 MP: 5/5
  1616 | D:3      | Noticed an ogre
  1618 | D:3      | Killed an ogre
  1618 | D:3      | Reached skill level 6 in Stealth
  1618 | D:3      | Reached XP level 5. HP: 26/28 MP: 6/6
  1816 | D:3      | Found a bloodstained altar of Trog.
  1822 | D:3      | Gained mutation: You heal very quickly. [Vine Stalker growth]
  1822 | D:3      | Reached XP level 6. HP: 32/32 MP: 7/7
  1827 | D:3      | Found a sacrificial altar of Ru.
  2574 | D:4      | Reached skill level 7 in Stealth
  2729 | D:4      | Reached XP level 7. HP: 37/37 MP: 8/8
  2871 | D:5      | Entered Level 5 of the Dungeon
  3035 | D:5      | Found a white marble altar of Elyvilon.
  3134 | D:5      | Found a glowing silver altar of Zin.
  3264 | D:5      | Found a staircase to the Ecumenical Temple.
  3367 | D:5      | Reached skill level 8 in Stealth
  3376 | Temple   | Entered the Ecumenical Temple
  3657 | D:3      | Became a worshipper of Ru the Awakened
  3779 | D:6      | Found Cufeatat's Weapon Shoppe.
  3785 | D:6      | Gained mutation: You have razor-sharp teeth. [Vine Stalker growth]
  3785 | D:6      | Reached XP level 8. HP: 42/42 MP: 9/9
  3786 | D:6      | Noticed oplop's ghost (amateur VSAs)
  3811 | D:6      | Killed oplop's ghost
  3811 | D:6      | Reached skill level 5 in Fighting
  3811 | D:6      | Reached skill level 5 in Short Blades
  3847 | D:6      | Found Biugiezaut's Antique Armour Boutique.
  3856 | D:6      | Bought a runed cloak for 103 gold pieces
  3918 | D:6      | Found a snail-covered altar of Cheibriados.
  4057 | D:6      | Found Ywkulid's Gadget Emporium.
  4059 | D:6      | Noticed Pikel
  4060 | D:6      | Noticed Duvessa
  4061 | D:6      | Noticed Sigmund
  4065 | D:6      | Noticed Dowan
  4168 | D:6      | Killed Pikel
  4168 | D:6      | Reached skill level 9 in Stealth
  4244 | D:6      | Found Isonob's Antique Armour Emporium.
  4247 | D:6      | Reached XP level 9. HP: 48/48 MP: 10/12
  4295 | D:6      | Found Juqibleg's Antique Armour Boutique.
  4306 | D:6      | Noticed a two-headed ogre
  4316 | D:6      | Killed a two-headed ogre
  4467 | D:6      | Killed Sigmund
  4485 | D:6      | Killed Duvessa
  4493 | D:6      | Killed Dowan
  4723 | D:7      | Noticed Prince Ribbit
  4761 | D:7      | Reached skill level 10 in Stealth
  4780 | D:7      | Found Zutwyan's Food Boutique.
  4862 | D:7      | Gained mutation: You are hated by all. [Ru sacrifice]
  4862 | D:7      | Reached * piety under Ru
  4914 | D:7      | Noticed Joseph
  4930 | D:7      | Killed Joseph
  4934 | D:7      | Killed Prince Ribbit
  5039 | D:7      | Reached XP level 10. HP: 53/53 MP: 14/14
  5094 | D:7      | Found a radiant altar of Vehumet.
  5384 | D:8      | Reached skill level 11 in Stealth
  5389 | D:8      | Gained mutation: You occasionally shout uncontrollably at your foes. [potion of mutation]
  5389 | D:8      | Gained mutation: You are somewhat resistant to further mutation. [potion of mutation]
  5389 | D:8      | Lost mutation: You are somewhat resistant to further mutation. [potion of mutation]
  5390 | D:8      | Gained mutation: You can breathe flames. [potion of mutation]
  5390 | D:8      | Lost mutation: You can breathe flames. [potion of mutation]
  5390 | D:8      | Gained mutation: You can spit weak poison. [potion of mutation]
  5449 | D:8      | Found a blossoming altar of Fedhas.
  5464 | D:8      | Found a shattered altar of Ashenzari.
  5473 | D:8      | Found a sparkling altar of Nemelex Xobeh.
  5543 | D:8      | Reached skill level 5 in Evocations
  5561 | D:8      | Found a glowing golden altar of the Shining One.
  5562 | D:8      | Found a runed door.
  5562 | D:8      | Noticed an angel
  6039 | D:9      | Noticed a cyclops
  6053 | D:9      | Killed a cyclops
  6183 | D:9      | Slain by a wyvern

Action                   |  1- 3 |  4- 6 |  7- 9 | 10-12 || total
-------------------------+-------+-------+-------+-------++-------
Melee: Dagger            |   153 |    59 |   223 |   129 ||   564
 Fire: Blowgun           |       |    11 |    17 |     8 ||    36
Throw: Throwing net      |       |       |     1 |       ||     1
Invok: Sacrifice Love    |       |       |     1 |       ||     1
Evoke: Wand              |       |       |       |     1 ||     1
  Use: Scroll            |       |       |     9 |     3 ||    12
       Potion            |       |       |     2 |     3 ||     5
 Stab: Sleeping          |     9 |    12 |    14 |     5 ||    40
       Distracted        |       |       |     1 |     2 ||     3
       Invisible         |       |       |       |     1 ||     1
  Eat: Chunk             |       |     6 |     1 |     2 ||     9
       Meat ration       |       |       |     1 |       ||     1
       Royal jelly       |       |       |     2 |       ||     2
